[Event "*** Titled Tuesday Blitz"]
[Site "Chess.com"]
[Date "2020.04.07"]
[Round "7"]
[White "Hanging_pointer"]
[Black "Sadikhov_Ulvi"]
[Result "1/2-1/2"]
[WhiteElo "2529"]
[BlackElo "2709"]
[TimeControl "180+1"]
[EndTime "14:14:55 PDT"]
[Termination "Game drawn by agreement"]

1. d4 Nf6 2. c4 g6 3. Nc3 Bg7 4. e4 d6 5. Nf3 Bg4 6. Be2 Nfd7 7.
Be3 O-O 8. O-O Nc6 9. Qd2 Bxf3 10. Bxf3 e5 11. dxe5 dxe5 12. Rad1 Nd4 13. Nb5 c5 14. Nc3 Re8 15. Nd5 Nf8 16. Bg4 h5 17. Bh3 Nfe6 18. Bxe6 fxe6 19. Bg5 1/2-1/2

[Event "*** Titled Tuesday Blitz"]
[Site "Chess.com"]
[Date "2020.04.07"]
[Round "7"]
[White "MrrRefrao"]
[Black "aquaticpineapples"]
[Result "1-0"]
[WhiteElo "2421"]
[BlackElo "2244"]
[TimeControl "180+1"]
[EndTime "14:15:01 PDT"]
[Termination "MrrRefrao won by resignation"]

1. e4 d5 2. exd5 Qxd5 3. Nc3 Qa5 4. d4 Nf6 5. Nf3 Nc6 6. Bb5 Nd5 7. O-O Nxc3 8. Bxc6+ bxc6 9. bxc3 Qd5 10. Ne5 f6 11. c4 Qe6 12. Qh5+ g6 13. Nxg6 Qf7 14. Qc5 Bb7 15. Nxh8 1-0

[Event "*** Titled Tuesday Blitz"]
[Site "Chess.com"]
[Date "2020.04.07"]
[Round "7"]
[White "Sjakkerntobi"]
[Black "Manukyan_Artak"]
[Result "1-0"]
[WhiteElo "2259"]
[BlackElo "2397"]
[TimeControl "180+1"]
[EndTime "14:15:07 PDT"]
[Termination "Sjakkerntobi won by checkmate"]

1. e4 c6 2. Nc3 d5 3. d4 dxe4 4.
Nxe4 Nf6 5. Nxf6+ exf6 6. c3 Bd6 7. Bd3 O-O 8. Qc2 h6 9. Ne2 Qc7 10. Be3 b5 11. O-O-O a5 12. h4 b4 13. g4 Bxg4 14. Rdg1 Bxe2 15. Qxe2 bxc3 16. bxc3 Bf4 17. Rxg7+ Kxg7 18.
Qg4+ Bg5 19. hxg5 fxg5 20. Bxg5 f5 21. Bxh6+ Kf6 22. Qg5+ Ke6 23. Bxf8 Nd7 24. Re1+ Kf7 25. Qg7# 1-0

[Event "*** Titled Tuesday Blitz"]
[Site "Chess.com"]
[Date "2020.04.07"]
[Round "7"]
[White "eightbyeightchess"]
[Black "flomarechot"]
[Result "0-1"]
[WhiteElo "2316"]
[BlackElo "2199"]
[TimeControl "180+1"]
[EndTime "14:15:20 PDT"]
[Termination "flomarechot won by resignation"]

1. e4 d6 2. d4 Nf6 3. Nc3 e5 4.
f4 exd4 5. Qxd4 Nc6 6. Qd3 g6 7. Nf3 Bg7 8. Be2 O-O 9. O-O Re8 10. Be3 Ng4 11. f5 Nxe3 12. Qxe3 gxf5 13. Bc4 fxe4 14. Ng5 Bd4 15. Bxf7+ Kh8 16. Qxd4+ Nxd4 17. Bxe8 Qxg5 18.
Rf8+ Kg7 19. Rf7+ Kg8 20. Raf1 Be6 21. Rf8+ Kg7 22. Kh1 d5 0-1

[Event "*** Titled Tuesday Blitz"]
[Site "Chess.com"]
[Date "2020.04.07"]
[Round "7"]
[White "Msb2"]
[Black "Kavyev_Ruslan"]
[Result "1-0"]
[WhiteElo "2915"]
[BlackElo "2614"]
[TimeControl "180+1"]
[EndTime "14:15:25 PDT"]
[Termination "Msb2 won by resignation"]

1. d4 Nf6 2. c4 g6 3. Nc3 d5 4. cxd5 Nxd5 5. e4 Nxc3 6. bxc3 Bg7 7. Bc4 c5 8. Ne2 Nc6 9. Be3 O-O 10. Rc1 Bg4 11. f3 Bd7 12. h4 cxd4 13. cxd4 Qa5+ 14. Kf2 Rac8 15. h5 Rfd8 16. Bb3 e6 17.
hxg6 hxg6 18. Qg1 Be8 19. Qh2 Nxd4 20. Rxc8 Rxc8 21. Bxd4 e5 22. Be3 Bb5 23. Qh7+ Kf8 24. Bh6 1-0

[Event "*** Titled Tuesday Blitz"]
[Site "Chess.com"]
[Date "2020.04.07"]
[Round "7"]
[White "Atakishiyev04"]
[Black "nochewycandy"]
[Result "0-1"]
[WhiteElo "2639"]
[BlackElo "2532"]
[TimeControl "180+1"]
[EndTime "14:15:47 PDT"]
[Termination "nochewycandy won by resignation"]

1. d4 g6 2. c4 Bg7 3. Nc3 d6 4. g3 Nf6 5. Bg2 O-O 6. Nf3 c5 7. O-O Nc6 8. d5 Na5 9. Nd2 a6 10. Qc2 Rb8 11. a4 e6 12. e4 exd5 13. cxd5 b5 14.
axb5 axb5 15. h3 Re8 16. Kh2 c4 17. f4 Bd7 18. Re1 b4 19. Nd1 Nxd5 20. Nf2 b3 21. Qd1 Nb4 0-1

[Event "*** Titled Tuesday Blitz"]
[Site "Chess.com"]
[Date "2020.04.07"]
[Round "7"]
[White "FabianoCaruana"]
[Black "theprosecution1"]
[Result "1-0"]
[WhiteElo "3026"]
[BlackElo "2809"]
[TimeControl "180+1"]
[EndTime "14:15:52 PDT"]
[Termination "FabianoCaruana won by resignation"]

1. e4 c5 2. Nf3 g6 3. c3 d5 4. e5 Nc6 5. h3 d4 6. Bb5 Qb6 7.
Bxc6+ Qxc6 8. O-O d3 9. c4 Bf5 10. Nc3 O-O-O 11. a3 f6 12. b4 g5 13. bxc5 h5 14. Nb5 Kb8 15. Nfd4 Qc8 16. Rb1 Be4 17. Qa4 Qxc5 18. Ne6 Qb6 19. Nxd8 Qxd8 20. Qxa7+ Kc8 21. Qa8+ Kd7 22. e6+ 1-0

[Event "*** Titled Tuesday Blitz"]
[Site "Chess.com"]
[Date "2020.04.07"]
[Round "7"]
[White "AryanTari"]
[Black "SahajGrover"]
[Result "1-0"]
[WhiteElo "2896"]
[BlackElo "2679"]
[TimeControl "180+1"]
[EndTime "14:15:54 PDT"]
[Termination "AryanTari won by resignation"]

1. e4 e5 2. Nf3 Nc6 3. Nc3 Nf6 4. a3 d5 5. Bb5 dxe4 6. Nxe5 Qd6 7. d4 exd3 8. Bf4 Bd7 9. O-O Nxe5 10. Bxe5 Qb6 11. Bxf6 c6 12. Re1+ Be6 13. Nd5 1-0

[Event "*** Titled Tuesday Blitz"]
[Site "Chess.com"]
[Date "2020.04.07"]
[Round "7"]
[White "champ2005"]
[Black "Storne89"]
[Result "1-0"]
[WhiteElo "2979"]
[BlackElo "2618"]
[TimeControl "180+1"]
[EndTime "14:15:56 PDT"]
[Termination "champ2005 won by resignation"]

1. c4 e5 2. Nc3 Nc6 3. g3 Bc5 4.
Bg2 d6 5. e3 a6 6. Nge2 Ba7 7. d4 Nge7 8. O-O h5 9. dxe5 Nxe5 10. h4 g5 11. e4 gxh4 12. Bg5 hxg3 13. Nd5 gxf2+ 14. Kh1 N5g6 15. Nd4 Bg4 16. Qd2 c6 17. Nf6+ 1-0

[Event "*** Titled Tuesday Blitz"]
[Site "Chess.com"]
[Date "2020.04.07"]
[Round "7"]
[White "thedjoker98"]
[Black "Dare-Dare"]
[Result "1-0"]
[WhiteElo "2473"]
[BlackElo "2171"]
[TimeControl "180+1"]
[EndTime "14:15:58 PDT"]
[Termination "thedjoker98 won by resignation"]

1. d4 d6 2. e4 e5 3. dxe5 dxe5 4. Qxd8+ Kxd8 5. Nf3 f6 6. Be3 Be6 7. Nbd2 Nd7 8. Bc4 Bxc4 9. Nxc4 c6 10. O-O-O Kc7 11. Rd2 Nc5 12. Rhd1 Rc8 13. Bxc5 Bxc5 14. Rd7+ Kb8 15.
Rxg7 Ne7 16. Rd7 Rc7 17. Rxc7 Kxc7 18. c3 Kd7 19. Ne3 Bxe3+ 20. fxe3 Ke6 21. Kc2 Rg8 22.
Rxg8 Nxg8 23. Nh4 Ne7 24. g4 b6 25. Nf5 Ng6 26. h4 Nf8 27. b4 Nd7 28. a4 a5 29. Kb3 c5 30. bxa5 1-0

[Event "*** Titled Tuesday Blitz"]
[Site "Chess.com"]
[Date "2020.04.07"]
[Round "7"]
[White "AminMolaei"]
[Black "Harut-1998"]
[Result "1-0"]
[WhiteElo "2538"]
[BlackElo "2645"]
[TimeControl "180+1"]
[EndTime "14:16:00 PDT"]
[Termination "AminMolaei won by resignation"]

1. d4 Nf6 2. c4 e6 3. Nc3 Bb4 4. Qc2 O-O 5. e4 d6 6. e5 dxe5 7. dxe5 Nfd7 8. Nf3 Nc6 9. Bf4 b6 10. Bd3 h6 11. O-O-O Bc5 12. a3 Bb7 13. Bh7+ Kh8 14. Be4 Qe7 15. g4 a5 16. g5 h5 17. Nh4 Ndxe5 18. Qe2 Ng4 19. h3 e5 20. Nf5 Qe6 21.
hxg4 exf4 22. Rxh5+ Kg8 23. Rdh1 f6 24. g6 1-0

[Event "*** Titled Tuesday Blitz"]
[Site "Chess.com"]
[Date "2020.04.07"]
[Round "7"]
[White "AliKa2810"]
[Black "anon219"]
[Result "0-1"]
[WhiteElo "2608"]
[BlackElo "2803"]
[TimeControl "180+1"]
[EndTime "14:16:05 PDT"]
[Termination "anon219 won by resignation"]

1. d4 d5 2. c4 e6 3. Nc3 Bb4 4. cxd5 exd5 5. Bf4 c5 6. dxc5 Nf6 7. e3 O-O 8. Bd3 Nc6 9. Nf3 Bxc5 10. O-O d4 11. Na4 Bd6 12. Bxd6 Qxd6 13. Nxd4 Nxd4 14. exd4 Bg4 15.
Be2 Bxe2 16. Qxe2 Qxd4 17. Nc3 Rfe8 18. Qf3 Qb6 19. h3 Qxb2 20. Rab1 Qa3 21. Rxb7 Rac8 22. Rb3 Qa5 23. Rd1 h6 24. g3 Qe5 25. Kg2 Re6 26.
Nd5 Ne4 27. h4 Rc2 28. Rf1 Qxd5 29. Rb8+ Kh7 30. Qxf7 Ng5+ 0-1

[Event "*** Titled Tuesday Blitz"]
[Site "Chess.com"]
[Date "2020.04.07"]
[Round "7"]
[White "northridgehawk"]
[Black "stolencandy13"]
[Result "0-1"]
[WhiteElo "2300"]
[BlackElo "2437"]
[TimeControl "180+1"]
[EndTime "14:16:09 PDT"]
[Termination "stolencandy13 won by checkmate"]

1. e4 c6 2. d4 d5 3. e5 Bf5 4.
Nf3 e6 5. Be2 Nd7 6. O-O Bg6 7.
Re1 Nh6 8. Nbd2 Nf5 9. Nf1 Be7 10. c4 Rc8 11. b3 O-O 12. g4 Nh4 13. Nxh4 Bxh4 14.
Ng3 dxc4 15. bxc4 c5 16. Ba3 Qa5 17. Qb3 b6 18. Bf3 Rfe8 19. Rad1 cxd4 20. Bd6 d3 21. Ne4 Bxe4 22. Rxe4 Nc5 23. Bxc5 Qxc5 24. Rxd3 Qxf2+ 25. Kh1 Qf1# 0-1

[Event "*** Titled Tuesday Blitz"]
[Site "Chess.com"]
[Date "2020.04.07"]
[Round "7"]
[White "OhanyanEminChess"]
[Black "AyMitecK"]
[Result "1-0"]
[WhiteElo "2560"]
[BlackElo "2287"]
[TimeControl "180+1"]
[EndTime "14:16:20 PDT"]
[Termination "OhanyanEminChess won by resignation"]

1. e4 g6 2. d4 Bg7 3. Nc3 c6 4. Nf3 d5 5. Bd3 Bg4 6. Be3 dxe4 7. Nxe4 Bxf3 8. Qxf3 Nf6 9. Nxf6+ exf6 10. O-O-O O-O 11. h4 Qa5 12. Kb1 Na6 13. c3 b5 14. h5 f5 15.
hxg6 hxg6 16. Qh3 f6 17. Bc2 Rfe8 18. Bb3+ Kf8 19. Bh6 Bxh6 20. Qxh6+ Ke7 21. Qxg6 1-0

[Event "*** Titled Tuesday Blitz"]
[Site "Chess.com"]
[Date "2020.04.07"]
[Round "7"]
[White "anon132639"]
[Black "Alexander_Donchenko"]
[Result "1-0"]
[WhiteElo "2658"]
[BlackElo "2851"]
[TimeControl "180+1"]
[EndTime "14:16:29 PDT"]
[Termination "anon132639 won by checkmate"]

1. d4 d5 2. c4 dxc4 3. e4 Nf6 4. e5 Nd5 5. Bxc4 Bf5 6. Ne2 e6 7. O-O Be7 8. Nbc3 Nb6 9. Bd3 Bxd3 10. Qxd3 c5 11. Qg3 g6 12. dxc5 N6d7 13. Bh6 Nc6 14. Rad1 Qb8 15. Nb5 Ncxe5 16. Nd6+ Bxd6 17. cxd6 Rg8 18. Rfe1 f6 19. Nf4 Kf7 20. Nxe6 Kxe6 21. Qb3+ Kf5 22. Qh3+ Ng4 23. Qf3# 1-0

[Event "*** Titled Tuesday Blitz"]
[Site "Chess.com"]
[Date "2020.04.07"]
[Round "7"]
[White "LiemLe"]
[Black "chessintuit"]
[Result "1-0"]
[WhiteElo "2942"]
[BlackElo "2614"]
[TimeControl "180+1"]
[EndTime "14:16:35 PDT"]
[Termination "LiemLe won by resignation"]

1. e4 e5 2. Nf3 Nc6 3. Bb5 a6 4.
Ba4 Nf6 5. O-O Be7 6. Re1 b5 7. Bb3 d6 8. c3 O-O 9. h3 Bb7 10. d4 Nd7 11. a4 Na5 12. Bc2 c5 13. d5 c4 14. Na3 Qb6 15. Be3 Nc5 16. Nd2 Bc8 17. b4 cxb3 18. Nxb3 Naxb3 19. Bxb3 Bd7 20.
Bc2 Qc7 21. Qe2 bxa4 22. Reb1 Rfb8 23. Qd1 Qa5 24. Nc4 Qxc3 25. Nb6 Ra7 26. Bd2 Qd4 27.
Rb4 Rxb6 28. Rxb6 Nb3 29. Rb8+ Bf8 30. Bxb3 axb3 31. Bb4 b2 32. Bxd6 h6 33. Qxd4 1-0

[Event "*** Titled Tuesday Blitz"]
[Site "Chess.com"]
[Date "2020.04.07"]
[Round "7"]
[White "CakeinSpace2002"]
[Black "ahappypawn"]
[Result "1-0"]
[WhiteElo "2189"]
[BlackElo "2322"]
[TimeControl "180+1"]
[EndTime "14:16:38 PDT"]
[Termination "CakeinSpace2002 won by resignation"]

1. d4 d5 2. Bf4 Nf6 3. e3 c6 4.
Nf3 g6 5. Be2 Bg7 6. O-O O-O 7. h3 Nbd7 8. c4 e6 9. Nc3 Re8 10. Rc1 Nh5 11. Bh2 dxc4 12. Bxc4 Ndf6 13. g4 b5 14. Be2 b4 15. Na4 Nd5 16. gxh5 Qa5 17.
hxg6 hxg6 18. Be5 f6 19. Bg3 Bd7 20. Nc5 Rad8 21. Nxd7 Rxd7 22. Qb3 Qb6 23. Rc2 a5 24.
Rfc1 Rc8 25. Qa4 Ne7 26. Nd2 Kf7 27. Ne4 Nd5 28. Nd6+ Rxd6 29. Bxd6 e5 30. Rxc6 Rxc6 31. Qxc6 Qxc6 32. Rxc6 1-0

[Event "*** Titled Tuesday Blitz"]
[Site "Chess.com"]
[Date "2020.04.07"]
[Round "7"]
[White "VALPARAISO37"]
[Black "cukin84"]
[Result "1/2-1/2"]
[WhiteElo "2299"]
[BlackElo "2107"]
[TimeControl "180+1"]
[EndTime "14:16:38 PDT"]
[Termination "Game drawn by repetition"]

1. d4 f5 2. c4 Nf6 3. Nc3 g6 4. h4 h5 5. Nh3 d6 6. Ng5 Bg7 7. f3 O-O 8. Be3 e5 9. Qd2 Nc6 10. O-O-O exd4 11. Bxd4 Nxd4 12. Qxd4 Kh8 13. Qd2 Qe7 14. e4 Be6 15. Bd3 fxe4 16. Ncxe4 Nxe4 17. Bxe4 Bf5 18. Rhe1 Qf6 19. Kb1 Rae8 20. Re2 Re5 21. Rde1 Rfe8 22. a3 Bh6 23. Ka2 Bxg5 24. hxg5 Qe7 25.
Qd4 c5 26. Qc3 Kh7 27. Bxf5 Rxe2 28. Rxe2 Qxe2 29. Bxg6+ Kxg6 30. Qf6+ Kh7 31. Qf7+ Kh8 32. Qf6+ Kg8 33. Qg6+ Kf8 34. Qf6+ Kg8 35. Qg6+ Kf8 36. Qf6+ Kg8 1/2-1/2

[Event "*** Titled Tuesday Blitz"]
[Site "Chess.com"]
[Date "2020.04.07"]
[Round "7"]
[White "AnnaChessLook"]
[Black "CalinGheorghiu"]
[Result "1-0"]
[WhiteElo "2236"]
[BlackElo "2409"]
[TimeControl "180+1"]
[EndTime "14:16:40 PDT"]
[Termination "AnnaChessLook won by checkmate"]

1. e4 e6 2. d4 d5 3. Nc3 Nf6 4. Bg5 Be7 5. e5 Nfd7 6. h4 c5 7. dxc5 Nxe5 8. Nf3 Nxf3+ 9. Qxf3 Nc6 10. O-O-O Bxg5+ 11. hxg5 Qxg5+ 12. Kb1 Bd7 13. Bd3 O-O-O 14. Nb5 Ne5 15. Nd6+ Kb8 16. Qe2 Nxd3 17. Rxd3 Rdf8 18. Rb3 Bc6 19. Nxb7 d4 20. Na5+ Kc7 21. Nxc6 Kxc6 22.
Qa6+ Kd5 23. Qd6+ Kc4 24. Rd1 Qxc5 25. Rxd4+ Qxd4 26. Rb4# 1-0

[Event "*** Titled Tuesday Blitz"]
[Site "Chess.com"]
[Date "2020.04.07"]
[Round "7"]
[White "KuzubovYuriy"]
[Black "Jospem"]
[Result "1/2-1/2"]
[WhiteElo "2834"]
[BlackElo "2927"]
[TimeControl "180+1"]
[EndTime "14:16:42 PDT"]
[Termination "Game drawn by agreement"]

1. d4 Nf6 2. Nf3 e6 3. c4 Bb4+ 4. Bd2 c5 5. Bxb4 cxb4 6. g3 b6 7. Bg2 Bb7 8. a3 bxa3 9. Rxa3 a5 10. Nc3 Na6 11. O-O O-O 12. Qb1 Rc8 13. Nd2 Bxg2 14.
Kxg2 d5 15. cxd5 Nxd5 16. Nxd5 Qxd5+ 17. Nf3 Nb4 18. Rc3 Qa2 19. Rxc8 Rxc8 20. Rc1 Rxc1 21. Qxc1 h6 22. Qc8+ Kh7 23. Qb7 Qxb2 24. Qe4+ Kg8 25. Qa8+ Kh7 26. Qe4+ 1/2-1/2

[Event "*** Titled Tuesday Blitz"]
[Site "Chess.com"]
[Date "2020.04.07"]
[Round "7"]
[White "Training_Day"]
[Black "jmduque"]
[Result "1/2-1/2"]
[WhiteElo "2341"]
[BlackElo "2508"]
[TimeControl "180+1"]
[EndTime "14:16:44 PDT"]
[Termination "Game drawn by repetition"]

1. e4 c5 2. c3 a6 3. d4 cxd4 4. cxd4 d5 5. exd5 Nf6 6. Nc3 g6 7. Qb3 Bg7 8. Be2 O-O 9. Bf3 Nbd7 10. Nge2 Nb6 11. O-O Bg4 12. Bxg4 Nxg4 13. Bf4 Nf6 14.
Be5 Nfxd5 15. Bxg7 Kxg7 16. Nxd5 Nxd5 17. Qxb7 Qd6 18.
Nc3 Nf4 19. Qe4 Rab8 20. Rab1 Rfc8 21. Rfd1 e6 22. g3 Nh5 23. Qe5+ Qxe5 24. dxe5 Rc5 25.
f4 Rb4 26. a3 Rbc4 27. Rd2 g5 28. fxg5 Rxe5 29. Rf1 Rxg5 30. Rd7 Nf6 31. Ra7 a5 32. Kg2 h5 33. h3 h4 34. g4 Re5 35. Rf2 Re3 36. Kh2 Re5 37. Kg2 Re3 38. Kh2 Re5 39. Kg2 1/2-1/2

[Event "*** Titled Tuesday Blitz"]
[Site "Chess.com"]
[Date "2020.04.07"]
[Round "7"]
[White "nurgyulsalimova"]
[Black "powermove"]
[Result "1-0"]
[WhiteElo "2558"]
[BlackElo "1505"]
[TimeControl "180+1"]
[EndTime "14:16:45 PDT"]
[Termination "nurgyulsalimova won by resignation"]

1. d4 Nf6 2. Nf3 c5 3. d5 b5 4. g3 Bb7 5. c4 bxc4 6. Nc3 g6 7. e4 d6 8. Bg2 Bg7 9. O-O Nbd7 10.
Qe2 Nb6 11. Bf4 O-O 12. Rad1 a5 13. Rfe1 a4 14. a3 Rb8 15. Qd2 Nbd7 16. e5 dxe5 17.
Nxe5 Nxe5 18. Bxe5 Ra8 19. Qe2 Qb6 20. Qxc4 Ng4 21.
Qxg4 Bxe5 22. Rxe5 Qxb2 23. Rxe7 Rab8 24. Qc4 Qxa3 25. Nxa4 1-0

[Event "*** Titled Tuesday Blitz"]
[Site "Chess.com"]
[Date "2020.04.07"]
[Round "7"]
[White "elohunter1999"]
[Black "Misticpikachu"]
[Result "1-0"]
[WhiteElo "2479"]
[BlackElo "2239"]
[TimeControl "180+1"]
[EndTime "14:16:47 PDT"]
[Termination "elohunter1999 won by checkmate"]

1. e4 c5 2. Nf3 Nc6 3. d4 cxd4 4. Nxd4 Nf6 5. Nc3 e6 6. Nxc6 bxc6 7. e5 Nd5 8. Ne4 Qc7 9. f4 Qb6 10. c4 Bb4+ 11. Ke2 f5 12. exf6 Nxf6 13. Be3 Qd8 14. Nd6+ Bxd6 15. Qxd6 Bb7 16. Rd1 Qa5 17. g4 Rd8 18.
Rg1 Qxa2 19. Bc5 Qxc4+ 20. Ke1 Qe4+ 21. Kf2 Ng8 22. Qf8# 1-0

[Event "*** Titled Tuesday Blitz"]
[Site "Chess.com"]
[Date "2020.04.07"]
[Round "7"]
[White "CyberneticLion"]
[Black "1977Ivan"]
[Result "0-1"]
[WhiteElo "2525"]
[BlackElo "2721"]
[TimeControl "180+1"]
[EndTime "14:16:48 PDT"]
[Termination "1977Ivan won by resignation"]

1. d4 Nf6 2. Bf4 d6 3. Nc3 Nbd7 4. Nf3 c5 5. e3 g6 6. Qd2 Bg7 7. Be2 O-O 8. O-O a6 9. a4 b6 10. d5 Rb8 11. e4 b5 12. axb5 axb5 13. Bxb5 Nxe4 14.
Nxe4 Rxb5 15. c3 Nb6 16. Rfd1 Bb7 17. Bh6 Bxd5 18. Bxg7 Kxg7 19. c4 Bxc4 20. Qc3+ f6 21. Ra6 Rb3 22. Qc2 Rxf3 23. Rxb6 Qxb6 24. gxf3 Bb3 25.
Qd2 Bxd1 26. Qxd1 Qxb2 27. Qd5 Qe5 28. Qb7 h6 0-1

[Event "*** Titled Tuesday Blitz"]
[Site "Chess.com"]
[Date "2020.04.07"]
[Round "7"]
[White "jonaszmb"]
[Black "DonPreuss"]
[Result "1-0"]
[WhiteElo "2400"]
[BlackElo "2174"]
[TimeControl "180+1"]
[EndTime "14:16:48 PDT"]
[Termination "jonaszmb won by resignation"]

1. d4 Nc6 2. e4 e5 3. Nf3 exd4 4. Bc4 d6 5. Nxd4 Nxd4 6. Qxd4 Be6 7. O-O Bxc4 8. Qxc4 Be7 9. Qb5+ Qd7 10. Qxb7 Rd8 11. Qxa7 Nf6 12. Nc3 O-O 13. Qd4 Nh5 14. Nd5 Rfe8 15.
Nxe7+ Rxe7 16. Bg5 Re6 17. Bxd8 Qxd8 18. a4 Qg5 19.
Qe3 Nf4 20. g3 Nh3+ 21. Kg2 Qh5 22. Qf3 Qh6 23. a5 Rg6 24. a6 Nf4+ 25. Kh1 Qh3 26.
Qxf4 Rh6 27. Qxh6 gxh6 28. a7 Qg2+ 1-0

[Event "*** Titled Tuesday Blitz"]
[Site "Chess.com"]
[Date "2020.04.07"]
[Round "7"]
[White "manmanlai1"]
[Black "ShahMatKanal"]
[Result "1-0"]
[WhiteElo "2313"]
[BlackElo "2548"]
[TimeControl "180+1"]
[EndTime "14:16:52 PDT"]
[Termination "manmanlai1 won on time"]

1. e4 c5 2. Nf3 d6 3. Bb5+ Nd7 4. d4 cxd4 5. Qxd4 a6 6. Bxd7+ Bxd7 7. O-O Bc6 8. Bg5 Qa5 9. c4 Qc5 10. Qd3 h6 11. Be3 Qh5 12. Nc3 Nf6 13. Nd5 Rc8 14.
Bd4 e5 15. Be3 Nd7 16. Nd2 g5 17. Rfd1 Qg6 18. Nf1 Nc5 19. Bxc5 dxc5 20. Nc7+ Ke7 21. Nd5+ Ke8 22. Ng3 Bd6 23. Nf5 Bb8 24. Nde7 Qf6 25. Nxc8 1-0

[Event "*** Titled Tuesday Blitz"]
[Site "Chess.com"]
[Date "2020.04.07"]
[Round "7"]
[White "Alex_Terzi"]
[Black "valeriocarnicelli"]
[Result "1-0"]
[WhiteElo "2418"]
[BlackElo "2578"]
[TimeControl "180+1"]
[EndTime "14:16:57 PDT"]
[Termination "Alex_Terzi won by resignation"]

1. e4 c5 2. Nc3 Nc6 3. Bb5 Nd4 4. Nf3 Nxb5 5. Nxb5 g6 6. d4 a6 7. Nc3 Bg7 8. Be3 Nf6 9. dxc5 O-O 10. O-O Qc7 11. Bd4 Rd8 12. e5 Nh5 13. Nd5 Qa5 14.
Nxe7+ Kh8 15. Nd5 d6 16. b4 Qb5 17. exd6 Qc6 18. Bxg7+ Nxg7 19. Qd4 a5 20. b5 Qxb5 21. Nc7 Qc6 22. Nxa8 Bg4 23. Nc7 Bxf3 24. gxf3 Qxf3 25. Rfe1 Kg8 26. Re3 Qc6 27. Qh4 Rf8 28. Qc4 Nf5 29. Rae1 h5 30. Qd5 Qd7 31. Rf3 Nh4 32. Rg3 Nf5 33.
Re5 Nxg3 34. hxg3 h4 35. Kg2 hxg3 36. fxg3 Qa4 37. Qe4 Qxa2 38. d7 Qa4 39. Qxa4 1-0

[Event "*** Titled Tuesday Blitz"]
[Site "Chess.com"]
[Date "2020.04.07"]
[Round "7"]
[White "imdarealist"]
[Black "ChristianAlm"]
[Result "1-0"]
[WhiteElo "2236"]
[BlackElo "2371"]
[TimeControl "180+1"]
[EndTime "14:16:58 PDT"]
[Termination "imdarealist won by checkmate"]

1. d4 Nf6 2. Bf4 e6 3. e3 d5 4. c3 Bd6 5. Bg3 O-O 6. Nd2 Re8 7. Ngf3 c5 8. Bd3 Nc6 9. Ne5 cxd4 10. exd4 g6 11.
Ndf3 Ne4 12. Bxe4 dxe4 13. Nxc6 bxc6 14. Ne5 Bb7 15. Qe2 c5 16. Rd1 cxd4 17. Rxd4 Qc7 18.
Ng4 Bxg3 19. Nf6+ Kh8 20. hxg3 Kg7 21. Rd7 Qc6 22. Rxh7+ Kxf6 23. Rhxf7+ Kg5 24. f4+ exf3 25. Qe5+ Kg4 26. Qf4+ Kh5 27. Qh4# 1-0

[Event "*** Titled Tuesday Blitz"]
[Site "Chess.com"]
[Date "2020.04.07"]
[Round "7"]
[White "gmkomarov"]
[Black "mathapples"]
[Result "1-0"]
[WhiteElo "2518"]
[BlackElo "2331"]
[TimeControl "180+1"]
[EndTime "14:17:00 PDT"]
[Termination "gmkomarov won by resignation"]

1. d4 d5 2. c4 e6 3. Nc3 c6 4. Bf4 Nf6 5. e3 Nbd7 6. Nf3 Be7 7. Qc2 O-O 8. Rd1 b6 9. h3 Ba6 10. cxd5 Bxf1 11. Kxf1 exd5 12. g4 Re8 13. g5 Ne4 14. h4 Rc8 15. Nxe4 dxe4 16. Ne5 c5 17. Qxe4 Bd6 18.
Qd5 Bxe5 19. dxe5 Nf8 20. Qxd8 Rcxd8 21. Ke2 Ne6 22. Bg3 Kf8 23. Kf3 c4 24. Rd6 Nc5 25. Rc1 Nd3 26. Rxc4 Nxb2 27. Rc7 Nd3 28. Rxa7 Ra8 29. Rxa8 Rxa8 30. Rxd3 Rxa2 31. Rb3 Ra6 32. e4 Ke7 33. Ke3 Ke6 34. f4 g6 35. Be1 Kd7 36. f5 1-0

[Event "*** Titled Tuesday Blitz"]
[Site "Chess.com"]
[Date "2020.04.07"]
[Round "7"]
[White "vanea_03"]
[Black "googlegoom"]
[Result "1-0"]
[WhiteElo "2602"]
[BlackElo "2406"]
[TimeControl "180+1"]
[EndTime "14:17:01 PDT"]
[Termination "vanea_03 won by checkmate"]

1. d4 d5 2. c4 c6 3. Nc3 Nf6 4.
cxd5 cxd5 5. Bf4 Nc6 6. e3 e6 7. Bd3 Be7 8. h3 Bd7 9. Nf3 Rc8 10. O-O O-O 11. Rc1 Na5 12. Qe2 Nc4 13. Ne5 Nd6 14. Rc2 a6 15. Rfc1 b5 16. Nb1 Nc4 17. Nd2 h6 18. Nb3 Qb6 19. Nc5 Bc6 20. Qf3 Nxe5 21.
Bxe5 Nd7 22. Nxd7 Bxd7 23. Bc7 Qb7 24. Qg3 Bf6 25. Bd6 Rxc2 26. Rxc2 Rc8 27. Rc5 Rxc5 28. Bxc5 a5 29. Qd6 Bc6 30. Qf8# 1-0

[Event "*** Titled Tuesday Blitz"]
[Site "Chess.com"]
[Date "2020.04.07"]
[Round "7"]
[White "DrVelja"]
[Black "2nd_life"]
[Result "1-0"]
[WhiteElo "2643"]
[BlackElo "2421"]
[TimeControl "180+1"]
[EndTime "14:17:02 PDT"]
[Termination "DrVelja won on time"]

1. e4 e5 2. Nf3 Nc6 3. Bb5 a6 4.
Ba4 Nf6 5. O-O Be7 6. d3 b5 7. Bb3 d6 8. a3 O-O 9. Nc3 Be6 10.
Nd5 Bxd5 11. exd5 Nd4 12. Nxd4 exd4 13. c3 Nd7 14. cxd4 Bf6 15. Be3 Nb6 16. Rc1 Re8 17.
Qf3 Qd7 18. h3 a5 19. Rc6 a4 20. Ba2 b4 21. axb4 a3 22. bxa3 Rxa3 23. Bc4 Rea8 24.
Qg4 Qxg4 25. hxg4 Bd8 26. Bf4 Kf8 27. Re1 Rb8 28. Rxd6 Be7 29. Rc6 Bxb4 30. Rb1 Ba5 31. Bxc7 1-0

[Event "*** Titled Tuesday Blitz"]
[Site "Chess.com"]
[Date "2020.04.07"]
[Round "7"]
[White "Lysiak_Poltorak"]
[Black "english_player_89"]
[Result "1-0"]
[WhiteElo "2372"]
[BlackElo "2472"]
[TimeControl "180+1"]
[EndTime "14:17:02 PDT"]
[Termination "Lysiak_Poltorak won by resignation"]

1. e4 e5 2. Nf3 Nc6 3. Bc4 Bc5 4.
c3 Nf6 5. d3 d6 6. O-O a6 7.
Bb3 Ba7 8. Nbd2 h6 9. Re1 O-O 10. Nf1 Be6 11. Bc2 Re8 12. Ng3 d5 13. exd5 Bxd5 14. Qe2 Qd6 15. Nf5 Qd7 16. N3h4 e4 17.
Bxh6 gxh6 18. Qd2 e3 19. fxe3 Be4 20. Qf2 Bxf5 21. Nxf5 Nh7 22. Qg3+ Ng5 23. Nxh6+ Kh7 24. Qxg5 Rg8 25. d4+ Kh8 26. Nxf7+ 1-0

[Event "*** Titled Tuesday Blitz"]
[Site "Chess.com"]
[Date "2020.04.07"]
[Round "7"]
[White "Mr_Sinigami"]
[Black "MasterKroket"]
[Result "1-0"]
[WhiteElo "2612"]
[BlackElo "2468"]
[TimeControl "180+1"]
[EndTime "14:17:03 PDT"]
[Termination "Mr_Sinigami won by resignation"]

1. d4 Nf6 2. Nf3 e6 3. Bf4 c5 4.
e3 b6 5. Nbd2 Be7 6. h3 O-O 7. c3 Bb7 8. Bd3 d6 9. O-O Nc6 10. Qe2 a6 11. a4 Qc7 12. Bh2 e5 13. dxe5 Nxe5 14. Nxe5 dxe5 15. e4 Rfd8 16. Nc4 Nd7 17.
f4 Bf6 18. fxe5 Nxe5 19. Rxf6 gxf6 20. Nxe5 fxe5 21. Rf1 Rd7 22. Bxe5 Qxe5 23. Qg4+ Kh8 24.
Qxd7 Bxe4 25. Bxe4 Qxe4 26. Qxf7 Rg8 27. Qf6+ Rg7 28.
Rf3 Qe2 29. Rf2 Qe1+ 30. Kh2 Qe3 31. Rf3 Qe2 32. Rg3 1-0